 Dungeon Crawl Stone Soup version 0.24-b1-30-g840c9efd86 (webtiles) character file.

Game seed: 4823767247419479698, levelgen mode: deterministic

86 lepoulpe303 the Poker (level 4, -1/55 HPs)
             Began as a Merfolk Monk on Oct 23, 2019.
             Was a Follower of Okawaru.
             Slain by Grinder (5 damage)
             ... on level 2 of the Dungeon.
             The game lasted 00:06:43 (1851 turns).

lepoulpe303 the Poker (Merfolk Monk)                Turns: 1851, Time: 00:06:44

Health: -1/55      AC: 22    Str: 12    XL:     4   Next: 49%
Magic:  3/4        EV:  2    Int:  9    God:    Okawaru [*.....]
Gold:   102        SH:  0    Dex: 21    Spells: 3/3 levels left

rFire    . . .     SeeInvis .   a - +0 spear
rCold    . . .     Gourm    .   (no shield)
rNeg     + + +     Faith    .   (armour currently unavailable)
rPois    +         Spirit   .   (helmet currently unavailable)
rElec    .         Reflect  .   (cloak currently unavailable)
rCorr    .         Harm     .   (gloves currently unavailable)
MR       .....     NoTele   +   (boots currently unavailable)
Stlth    ++++......             (no amulet)
HPRegen  0.18/turn              (no ring)
MPRegen  0.09/turn              (no ring)

@: agile, tree-form
A: (change form in water), (swift swim), (stealthy swim)
a: Heroism, Renounce Religion


You were on level 2 of the Dungeon.
You worshipped Okawaru.
Okawaru was aware of your devotion.
You were not hungry.
You were a tree.
You visited 1 branch of the dungeon, and saw 3 of its levels.

You collected 102 gold pieces.

Inventory:

Hand Weapons
 a - a +0 spear (weapon)
Missiles
 Q - 113 stones (quivered)
Armour
 b - a +0 robe
 c - a +0 ring mail (melded)
Scrolls
 d - a scroll of remove curse {unknown}
 j - a scroll of immolation {unknown}
 k - a scroll of fear {unknown}
 n - a scroll of amnesia {unknown}
 o - 3 scrolls of identify {unknown}
 p - a scroll of teleportation {unknown}
 q - a scroll of enchant weapon {unknown}
Potions
 i - a potion of curing {unknown}
 m - a potion of magic {unknown}
 r - a potion of degeneration {unknown}
 s - 2 potions of agility
Comestibles
 e - 7 rations
 l - a chunk of flesh


   Skills:
 * Level 4.1 Fighting
 * Level 5.3 Polearms
 + Level 0.8 Armour
 + Level 4.5 Dodging
 + Level 2.9 Stealth
 * Level 0.1 Invocations


You had 3 spell levels left.
You didn't know any spells.
Your spell library was empty.

Dungeon Overview and Level Annotations

Branches:
Dungeon (3/15)

Altars:
Okawaru

Annotations:
D:2 Grinder
D:3 3 runed translucent doors, BraveToast's ghost, weakling DDFi


Message History

It was a potion of agility.
You feel agile all of a sudden.
s - 2 potions of agility You feel like a meek peon again.
Grinder says, "I used to sell toenails on the black market."
Grinder misses you.
You completely miss Grinder. Grinder hits you.
* * * LOW HITPOINT WARNING * * *
You take 3 damage, and have 2/37 hp.
It was a potion of flight.
You feel very buoyant.
You fly up into the air.
Grinder says, "Wait up."
Grinder gestures at you. You resist with significant effort.
It was a potion of lignification.
You turn into a tree.
Your +0 ring mail melds into your body.
Your roots penetrate the ground.
Grinder rolls her eyes.
Grinder hits you.
You die...

##### #...#########
#.###.......#### #####
#.##.⌠#####⌠.#.######....
#.##.##...##.#........###
#..#.#.⌠.⌠.#.#.###.#.....
#..'.#..♣5.'.####.###.###
#.##.#.⌠.⌠.#.###.## ##.##
#.##.##...##.##.## ##.#
#..#.⌠#####⌠.##..## ##.##
#.###.......###.#.###..#
#..##########.#.##.#.#.#
##.##<# #.#.###.##.#
#.##.#######.......##.#
#.#...................#


You could see Grinder.

Levels and vault maps discovered:
D:1:      dpeg_arrival_ternary, layout_rooms, minmay_tromino_v7
D:2:      layout_loops_ring, okawaru_trees_2, serial_glass, glass_columns_c,
          glass_columns_a, grunt_ministairs_11, minmay_indecisive_spiral
D:3:      layout_loops_ring, minmay_overflow_temple_star_quad, first_ration,
          gammafunk_ghost_icy, uniq_grinder

Notes
Turn   | Place    | Note
-------+----------+-------------------------------------------
     0 | D:1      | lepoulpe303 the Merfolk Monk began the quest for the Orb.
     0 | D:1      | Reached XP level 1. HP: 18/18 MP: 1/1
     7 | D:1      | Identified a cursed +0 dagger
    30 | D:1      | Identified a +0 ring mail (You found it on level 1 of the
                  | Dungeon)
    85 | D:1      | Reached XP level 2. HP: 23/24 MP: 2/2
    86 | D:1      | Identified a +0 whip
   172 | D:1      | Identified a +0 club
   185 | D:1      | Identified a +0 club
   199 | D:1      | Identified a +0 club
   256 | D:1      | Identified a +0 hand axe
   275 | D:1      | Reached XP level 3. HP: 23/30 MP: 3/3
   333 | D:1      | Reached skill level 5 in Polearms
   581 | D:2      | Identified a +0 dagger
   581 | D:2      | Identified a +0 dagger
   581 | D:2      | Identified a +0 club
   583 | D:2      | Identified a +0 dagger
   751 | D:2      | Identified a +0 club
   940 | D:2      | Reached XP level 4. HP: 28/37 MP: 4/4
  1001 | D:2      | Found an iron altar of Okawaru.
  1014 | D:2      | Became a worshipper of Warmaster Okawaru
  1014 | D:2      | Reached * piety under Okawaru
  1014 | D:2      | Reached ** piety under Okawaru
  1045 | D:2      | Reached skill level 4 in Fighting
  1271 | D:2      | Identified a +0 club
  1595 | D:2      | Identified a +0 short sword
  1701 | D:3      | Found a runed translucent gate.
  1701 | D:3      | Found a runed translucent gate.
  1701 | D:3      | Found a runed translucent gate.
  1746 | D:3      | Noticed BraveToast's ghost (weakling DDFi)
  1816 | D:3      | Identified a +0 club
  1820 | D:3      | Noticed Grinder
  1843 | D:2      | HP: 5/37 [Grinder (5)]
  1845 | D:2      | Paralysed by Grinder for 2 turns
  1848 | D:2      | Identified 3 potions of agility
  1849 | D:2      | HP: 2/37 [Grinder (3)]
  1850 | D:2      | Identified a potion of flight
  1851 | D:2      | Identified a potion of lignification
  1851 | D:2      | Slain by Grinder

Table legend:
 A = Turns spent in this place as a percentage of turns spent in the entire game.
 B = Non-inter-level travel turns spent in this place as a percentage of non-inter-level travel turns spent in the entire game.
 C = Inter-level travel turns spent in this place as a percentage of turns spent in this place.
 D = Turns resting spent in this place as a percentage of non-inter-level travel turns spent in this place.
 E = Turns spent auto-exploring this place as a percentage of non-inter-level travel turns spent in this place.
 F = Non-inter-level travel turns spent in this place divided by the number of levels of this place that you've seen.
                   A       B       C       D       E      F
               +-------+-------+-------+-------+-------+----------------------
         Total | 100.0 | 100.0 |   2.5 |  14.0 |  61.3 | 601.3
       Dungeon | 100.0 | 100.0 |   2.5 |  14.0 |  61.3 | 601.3
               +-------+-------+-------+-------+-------+----------------------

Table legend:
 A = Kills in this place as a percentage of kills in entire the game.
 B = Kills by you in this place as a percentage of kills by you in the entire game.
 C = Kills by friends in this place as a percentage of kills by friends in the entire game.
 D = Other kills in this place as a percentage of other kills in the entire game.
 E = Experience gained in this place as a percentage of experience gained in the entire game.
 F = Experience gained in this place divided by the number of levels of this place that you have seen.
                   A       B       C       D       E      F
               +-------+-------+-------+-------+-------+----------------------
         Total | 100.0 | 100.0 |   N/A |   N/A | 100.0 |  41.0
       Dungeon | 100.0 | 100.0 |   N/A |   N/A | 100.0 |  41.0
               +-------+-------+-------+-------+-------+----------------------

Skill      XL: |  1  2  3  4 |
---------------+-------------+-----
Polearms       | 5 |  5.3
Fighting       | 4 |  4.1
Armour         | |  0.8
Dodging        | |  4.5
Stealth        | |  2.9
Invocations    | |  0.1

Action                   |  1- 3 |  4- 6 || total
-------------------------+-------+-------++-------
Melee: Spear             |   139 |    76 ||   215
Throw: Stone             |     4 |     3 ||     7
Invok: Heroism           |       |     1 ||     1
  Use: Potion            |       |     3 ||     3
 Stab: Sleeping          |     3 |     2 ||     5
  Eat: Chunk             |       |     3 ||     3
Armor: Robe              |     2 |       ||     2
       Ring mail         |    21 |    20 ||    41
Dodge: Dodged            |    62 |    46 ||   108

Vanquished Creatures
  2 adders (D:2)
  3 worms (D:2)
  2 dart slugs
  A leopard gecko (D:1)
  2 giant cockroaches
  10 goblins
  9 hobgoblins
  A quokka (D:3)
  5 bats
  4 frilled lizards
  4 kobolds
  10 rats
53 creatures vanquished.
